 Dungeon Crawl Stone Soup version 0.19-a0-475-gfca3800 (webtiles) character file.

35256 kroki the Grand Gadgeteer (level 13, -7/109 HPs)
             Began as a Deep Dwarf Fighter on June 4, 2016.
             Was the Champion of Pakellas.
             Killed by divine providence
             ... invoked by an orc priest
              (10 damage)
             ... on level 2 of the Orcish Mines.
             The game lasted 00:40:40 (15744 turns).

kroki the Grand Gadgeteer (Deep Dwarf Fighter)     Turns: 15744, Time: 00:40:41

Health: -7/109     AC: 20    Str: 22    XL:     13   Next: 46%
Magic:  2/38       EV:  6    Int: 10    God:    Pakellas [******]
Gold:   1750       SH: 10    Dex: 16    Spells: 0 memorised, 12 levels left

rFire  + . .     SeeInvis .     Q - +3 rod of ignition (5/13) {!a}
rCold  + . .     Gourm    .     s - +2 chain mail {rF+}
rNeg   . . .     Faith    .     c - +0 shield
rPois  +         Spirit   .     H - +1 helmet of Lies {rC+ MP+9}
rElec  .         Dismiss  .     p - +1 cloak
rCorr  .         Reflect  .     P - +0 pair of gloves
SustAt .         Harm     .     q - +0 pair of boots
MR     ++...                    (no amulet)
Stlth  ..........               K - ring of magical power {MP+9}
                                w - ring of poison resistance {rPois, !d}

@: non-regenerating, drained, very resistant to hostile enchantments, extremely
unstealthy
A: damage resistance, recharge devices, slimy green scales 1, deformed body,
frail 1, low mp 1, magic resistance 1, sense surroundings 2, poison resistance,
slow regeneration 3, strong 1
a: Device Recharging, Quick Charge, Device Surge, Supercharge, Renounce Religion


You were on level 2 of the Orcish Mines.
You worshipped Pakellas.
Pakellas was exalted by your worship.
You were near starving.

You visited 4 branches of the dungeon, and saw 18 of its levels.
You also visited: Bailey.

You collected 1808 gold pieces.

Inventory:

Hand Weapons
 a - a +0 blowgun
   (You took it off a kobold on level 4 of the Dungeon)
 G - a +1 morningstar of electrocution
   (You found it on level 7 of the Dungeon)
Missiles
 Z - a throwing net {=f, !d}
Armour
 c - a +0 shield (worn)
 p - a +1 cloak (worn)
   (You found it on level 1 of the Dungeon)
 q - a +0 pair of boots (worn)
   (You found it on level 1 of the Dungeon)
 s - a +2 chain mail of fire resistance (worn)
   (You found it on level 4 of the Lair of Beasts)
 H - the +1 helmet of Lies (worn) {rC+ MP+9}
   (You found it on level 1 of the Lair of Beasts)

   It protects you from cold.
   It affects your magic capacity (+9).
 P - a +0 pair of gloves (worn)
   (You found it on level 4 of the Lair of Beasts)
Rods
 Q - a +3 rod of ignition (5/13) (in hand) {!a}
   (Pakellas gifted it to you on level 3 of the Lair of Beasts)
Jewellery
 h - an uncursed ring of ice {rC+, rF-}
   (You took it off a goblin on level 1 of the Dungeon)
 w - a ring of poison resistance (left hand) {rPois, !d}
   (You found it on level 3 of the Dungeon)
 K - a ring of magical power (right hand) {MP+9}
   (You found it on level 4 of the Lair of Beasts)
Wands
 e - a wand of heal wounds (1/9)
 A - a wand of digging (16/24)
   (You found it on level 1 of the Lair of Beasts)
 B - a wand of lightning (0/15)
   (You found it on level 6 of the Lair of Beasts)
 F - a wand of disintegration (2/24)
   (You found it on level 5 of the Dungeon)
 I - a wand of acid (0/15)
   (You found it on level 4 of the Lair of Beasts)
 R - a wand of heal wounds (0/9)
   (You found it on level 4 of the Lair of Beasts)
 T - a wand of enslavement (9/24)
   (You found it on level 8 of the Dungeon)
Scrolls
 i - 7 scrolls of remove curse
 l - 2 scrolls of teleportation
 m - a scroll of fear
 x - a scroll of magic mapping {!r}
 C - a scroll of summoning
 M - 4 scrolls of enchant weapon
 U - 2 scrolls of blinking {!r}
 W - 7 scrolls of enchant armour
Potions
 b - a potion of experience {unknown}
 d - 6 potions of might
 g - 9 potions of flight
 j - 2 potions of haste {unknown}
 k - 3 potions of ambrosia {unknown}
 r - 13 potions of curing {unknown}
 t - 2 potions of agility {unknown}
 u - 3 potions of cancellation {unknown}
 z - 7 potions of degeneration {unknown}
 D - a potion of magic {unknown}
 E - 3 potions of heal wounds
 N - a potion of cure mutation {!q}
 O - 2 potions of invisibility {unknown}
 S - a potion of berserk rage {unknown}
 V - a potion of resistance {unknown}
Miscellaneous
 y - a disc of storms
   (You found it on level 4 of the Lair of Beasts)
 J - a phantom mirror
 X - a fan of gales (inert)
   (Pakellas gifted it to you on level 9 of the Dungeon)
 Y - a plain deck of escape {drawn: 8}
   (You found it on level 3 of the Lair of Beasts)
Comestibles
 f - 3 bread rations {@e1}
 n - 7 meat rations {@e2}
 L - 30 fruits


   Skills:
 + Level 9.7(9.2) Fighting
 * Level 13.5(12.9) Maces & Flails
 * Level 12.0(11.5) Armour
 - Level 5.3(4.8) Shields
 * Level 14.3(13.7) Evocations


You had 12 spell levels left.
You didn't know any spells.

Dungeon Overview and Level Annotations

Branches:
Dungeon (9/15)             Temple (1/1) D:5            Lair (6/8) D:9
 Shoals (0/4) Lair:4        Snake (0/4) Lair:6          Orc (2/2) D:9
    Elf (0/3) Orc:2
  Slime: Lair:6-8

Altars:
Ashenzari
Cheibriados
Dithmenos
Elyvilon
Fedhas
Gozag
Hepliaklqana
Kikubaaqudgha
Makhleb
Nemelex Xobeh
Okawaru
Pakellas
Qazlal
Ru
Sif Muna
Trog
Uskayaw
Vehumet
Xom
Yredelemnul
Zin
The Shining One
Beogh


Innate Abilities, Weirdness & Mutations

You are resistant to damage.
You can recharge devices by infusing magical energy.
You passively map the area around you.
You do not regenerate naturally.
You are partially covered in slimy green scales. (AC +2)
Armour fits poorly on your strangely shaped body.
You are frail. (-10% HP)
Your magical capacity is low. (-10% MP)
You are resistant to hostile enchantments. (MR+)
Your system is resistant to poisons. (rPois)
Your muscles are strong. (Str +2)


Message History

You kill the orc!
Pakellas accepts your kill. The orc hits you but does no damage.
You block the orc's attack. The orc hits you but does no damage.
Things that are here:
a flail; an orc corpse You thump the orc priest!
There is a sudden explosion of sparks!
You kill the orc priest!
Pakellas accepts your kill. You block the orc's attack.
The orc hits you but does no damage.
An orc and an orc priest come into view.
The orc priest is wielding a hand axe of electrocution.
The orc shouts!
The orc priest shouts!
You bludgeon the orc!!
You kill the orc!
Pakellas accepts your kill. You block the orc's attack.
The orc hits you but does no damage. The orc barely misses you.
An orc, an orc warrior and an orc priest come into view.
The orc shouts!
The orc priest shouts!
The orc hits you but does no damage. x2
Items here: )) [ † a mace; a leather armour; a flail; an orc corpse An orc and an orc priest come into view.
The orc priest shouts!
The orc shouts!
The orc hits you but does no damage.
The orc priest looks braver for a moment. 2 orc warriors come into view.
The orc warrior shouts! x2
You hit the orc priest. You block the orc's attack.
The orc completely misses you.
The orc priest hits you but does no damage.
The orc barely misses you.
The orc warrior moves out of view.
You sock the orc priest! The orc hits you but does no damage. x3
You block the orc priest's attack.
An orc and an orc warrior come into view.
The orc warrior shouts!
You sock the orc priest!
You kill the orc priest!
Pakellas accepts your kill.
You feel your power returning. You block the orc's attack.
The orc hits you but does no damage. You block the orc's attack.
You puncture the orc!
There is a sudden explosion of sparks!
You kill the orc!
Pakellas accepts your kill. The orc hits you but does no damage.
The orc moves out of view.
The orc priest hits you with a flail. 2 orcs come into view.
The orc hits you but does no damage. The orc hits you with a whip.
You block the orc's attack.
The orc priest looks braver for a moment.
The orc warrior hits you with a scimitar!
* * * LOW HITPOINT WARNING * * *
Items here: )) [ † a mace; a leather armour; a flail; an orc corpse You take 9 damage, and have 32/109 hp.
The orc hits you with a hand axe. The orc hits you but does no damage.
The orc priest casts a cantrip, but nothing happens.
The orc hits you but does no damage. The orc hits you but does no damage.
The orc priest miscasts a cantrip.
Things that are here:
a flail; an orc corpse You hit the orc warrior but do no damage.
You block the orc's attack. The orc hits you but does no damage.
You puncture the orc!
There is a sudden explosion of sparks!
You kill the orc!
Pakellas accepts your kill.
You feel your power returning. You block the orc's attack.
An orc priest comes into view.
The orc priest casts a cantrip, but nothing happens.
You block the orc warrior's attack. You block the orc's attack.
Okay, then.
Wield which item (- for none, * to show all)? (? for menu, Esc to quit)
Your +1 morningstar of electrocution stops crackling.
Q - a +3 rod of ignition (4/13) (in hand) {!a} The rod doesn't have enough magic points.
The orc warrior hits you with a scimitar!
* * * LOW HITPOINT WARNING * * *
The orc jeers loudly.
The orc barely misses you.
You take 10 damage, and have 22/109 hp.
You block the orc's attack.
The rod doesn't have enough magic points.
The orc priest calls down the wrath of Beogh upon you.
Beogh smites you!
* * * LOW HITPOINT WARNING * * *
You take 11 damage, and have 11/109 hp.
The orc priest mumbles some strange prayers to Beogh against you.
Beogh smites you!
* * * LOW HITPOINT WARNING * * *
You take 8 damage, and have 3/109 hp.
Okay, then.
Charge which item? (? for menu, Esc to quit)
Your wand of heal wounds (0/9) glows for a moment and now has 1 charge.
The orc priest calls down the wrath of Beogh upon you.
Beogh smites you!
You die...
Pakellas says: Back to the drawing board!

# ##.....................##.....
#####..................[........#
.#.###....###........).[.........
....###.####........)............
.....###.#.....#.......#...#.....
.#.....................#.........
..#..............................
.#...........#.....o.............
........#....##.@o.o.o.o.........
.#).....##.)..##...o.#...........
.).....##))...........o.#........
.........).#..##.....#.#........#
..#..#.#.)#...#.....####.o......#
.#...##..(##.#....##..#...o....##
..#.####<######..##............##
.....##### ######........#....
......# ##....#........


You could see 3 orc warriors, an orc priest and 3 orcs.

Vanquished Creatures
  Maud (Orc:2)
  7 hydras
  An orc knight (Bailey)
  A griffon (Lair:3)
  3 spiny frogs
  A siren (Lair:4)
  A rime drake (Lair:2)
  11 komodo dragons
  A troll (Orc:1)
  4 polar bears (Lair:3)
  29 blink frogs
  Grinder (D:3)
  11 yaks
  A wyvern (D:7)
  The ghost of Ajdolov the Vexing, an amateur FeEn (D:4)
  4 hippogriffs
  3 basilisks
  3 wargs
  3 nagas (Lair:6)
  Edmund (D:4)
  15 water moccasins
  Duvessa (D:5)
  15 porcupines
  13 orc warriors
  2 eyes of draining (D:6)
  3 phantoms
  A sky beast (D:9)
  6 black bears
  An ice beast (D:7)
  5 wolves (Lair:3)
  10 ogres
  5 necrophages (Lair:6)
  4 centaurs
  9 crocodiles
  5 big kobolds
  11 giant frogs
  Dowan (D:5)
  A jelly (D:9)
  4 scorpions
  4 killer bees (D:7)
  A howler monkey (D:8)
  4 wights (D:5)
  5 crimson imps
  A centaur zombie (D:7)
  6 hounds
  A quasit (D:9)
  11 orc priests
  A giant frog skeleton (D:5)
  A gnoll shaman (D:5)
  13 iguanas
  Jessica (D:2)
  4 worker ants
  14 orc wizards
  12 sheep
  3 hound skeletons
  A howler monkey zombie (D:5)
  5 gnolls
  9 adders
  78 river rats
  An ooze (D:1)
  An adder zombie (D:5)
  2 adder skeletons (D:8)
  4 worms
  A dart slug (D:2)
  84 orcs
  4 bats
  5 giant cockroaches
  8 goblins
  4 hobgoblins
  14 jackals
  35 kobolds
  A quokka (D:2)
  5 ball pythons (D:3)
  7 giant newts
  5 rats
  A fungus (Lair:5)
557 creatures vanquished.

Vanquished Creatures (collateral kills)
  A stone giant (Orc:1)
  3 orc knights (Bailey)
  A warg (Orc:1)
  7 orc warriors (Bailey)
  An orc wizard (D:8)
  12 orcs (Bailey)
  A goblin (Orc:1)
26 creatures vanquished.

Vanquished Creatures (others)
  A black mamba (Lair:4)
  8 fungi
  5 plants
14 creatures vanquished.

Grand Total: 597 creatures vanquished

Notes
Turn   | Place    | Note
--------------------------------------------------------------
     0 | D:1      | kroki the Deep Dwarf Fighter began the quest for the Orb.
     0 | D:1      | Reached XP level 1. HP: 20/20 MP: 1/1
    70 | D:1      | Reached XP level 2. HP: 16/27 MP: 2/2
    87 | D:1      | Reached skill level 3 in Maces & Flails
   153 | D:1      | Reached skill level 3 in Fighting
   259 | D:1      | Reached XP level 3. HP: 17/34 MP: 3/3
   835 | D:2      | Noticed Jessica
   845 | D:2      | Killed Jessica
   867 | D:2      | Reached XP level 4. HP: 42/42 MP: 4/4
  1814 | D:3      | Reached skill level 4 in Maces & Flails
  1949 | D:3      | Reached XP level 5. HP: 39/50 MP: 5/5
  2005 | D:3      | Noticed Grinder
  2005 | D:3      | Paralysed by Grinder for 3 turns
  2018 | D:3      | Paralysed by Grinder for 3 turns
  2038 | D:3      | HP: 12/50 [Grinder/nerve-wracking pain (7)]
  2039 | D:3      | HP: 1/50 [Grinder/nerve-wracking pain (11)]
  2044 | D:3      | Killed Grinder
  2044 | D:3      | Reached skill level 4 in Fighting
  2044 | D:3      | Reached skill level 5 in Maces & Flails
  2044 | D:3      | Reached XP level 6. HP: 36/57 MP: 6/6
  2242 | D:4      | Noticed Edmund
  2271 | D:4      | Killed Edmund
  2271 | D:4      | Reached skill level 6 in Maces & Flails
  2271 | D:4      | Reached XP level 7. HP: 55/66 MP: 7/7
  2276 | D:4      | Noticed Ajdolov's ghost (amateur FeEn)
  2290 | D:4      | Killed Ajdolov's ghost
  2385 | D:4      | Reached skill level 5 in Fighting
  2411 | D:4      | Found a sparkling altar of Nemelex Xobeh.
  2515 | D:4      | Reached skill level 7 in Maces & Flails
  2983 | D:4      | Reached XP level 8. HP: 53/75 MP: 8/8
  3233 | D:5      | Entered Level 5 of the Dungeon
  3237 | D:5      | Found a staircase to the Ecumenical Temple.
  3245 | Temple   | Entered the Ecumenical Temple
  3306 | Temple   | Became a worshipper of Pakellas the Inventive
  3468 | D:4      | Reached skill level 8 in Maces & Flails
  3519 | D:5      | Noticed Dowan
  3524 | D:5      | Noticed Duvessa
  3531 | D:5      | Killed Duvessa
  3536 | D:5      | Killed Dowan
  3630 | D:5      | Reached skill level 6 in Fighting
  3630 | D:5      | Reached skill level 4 in Shields
  3689 | D:5      | Found a shattered altar of Ashenzari.
  3755 | D:5      | Reached * piety under Pakellas
  3755 | D:5      | Received a gift from Pakellas
  3928 | D:5      | Reached skill level 1 in Evocations
  4090 | D:6      | Reached skill level 2 in Evocations
  4135 | D:5      | Reached skill level 3 in Evocations
  4163 | D:5      | Reached skill level 9 in Maces & Flails
  4288 | D:6      | Found a bloodstained altar of Trog.
  4299 | D:6      | Reached skill level 4 in Evocations
  4299 | D:6      | Gained mutation: You passively map the area around you. [Deep Dwarf growth]
  4299 | D:6      | Reached XP level 9. HP: 50/84 MP: 1/12
  4441 | D:6      | Reached skill level 5 in Shields
  4694 | D:6      | Reached ** piety under Pakellas
  4694 | D:6      | Received a gift from Pakellas
  4697 | D:6      | Reached skill level 5 in Evocations
  4737 | D:6      | Found a burning altar of Makhleb.
  5476 | D:7      | Reached skill level 4 in Armour
  5494 | D:7      | Reached skill level 6 in Evocations
  5667 | D:7      | Reached skill level 10 in Maces & Flails
  5849 | D:7      | Reached skill level 7 in Fighting
  6175 | D:8      | Got a steaming leather armour
  6197 | D:8      | Reached skill level 5 in Armour
  6299 | D:8      | Reached XP level 10. HP: 77/94 MP: 4/15
  6330 | D:8      | Reached skill level 7 in Evocations
  6426 | D:8      | Reached *** piety under Pakellas
  6426 | D:8      | Received a gift from Pakellas
  6640 | D:8      | Found a shimmering altar of Xom.
  6693 | D:9      | Found a basalt altar of Yredelemnul.
  6914 | D:9      | Found a staircase to the Orcish Mines.
  6936 | D:9      | HP: 22/94 [ogre/giant spiked club (3)]
  6937 | D:9      | Reached skill level 6 in Armour
  7069 | D:9      | Found a deep blue altar of Sif Muna.
  7111 | D:9      | Found a staircase to the Lair.
  7134 | D:9      | Found a glowing silver altar of Zin.
  7134 | D:9      | Found a snail-covered altar of Cheibriados.
  7175 | D:9      | Reached skill level 8 in Evocations
  7274 | D:9      | Reached **** piety under Pakellas
  7274 | D:9      | Received a gift from Pakellas
  7290 | D:9      | Reached skill level 11 in Maces & Flails
  7290 | D:9      | Reached skill level 7 in Armour
  7548 | D:9      | Reached skill level 9 in Evocations
  7777 | Lair:1   | Entered Level 1 of the Lair of Beasts
  7845 | Lair:1   | Noticed an eight-headed hydra
  7856 | Lair:1   | Killed an eight-headed hydra
  7856 | Lair:1   | Reached XP level 11. HP: 42/103 MP: 7/18
  7864 | Lair:1   | HP: 21/103 [porcupine's spines (13)]
  8016 | Lair:1   | Noticed an eight-headed hydra
  8028 | Lair:1   | Killed an eight-headed hydra
  8028 | Lair:1   | Reached skill level 8 in Armour
  8075 | Lair:1   | Reached skill level 8 in Fighting
  8217 | Lair:1   | Reached skill level 10 in Evocations
  8231 | Lair:1   | Got a translucent helmet
  8258 | Lair:1   | Noticed an eight-headed hydra
  8269 | Lair:1   | Killed an eight-headed hydra
  8683 | Lair:2   | Identified the Handbook of Aerial Calling
  8851 | Lair:2   | Noticed a five-headed hydra
  8863 | Lair:2   | Killed a five-headed hydra
  9072 | Lair:2   | Reached skill level 12 in Maces & Flails
  9072 | Lair:2   | Reached skill level 9 in Armour
  9206 | Lair:3   | Noticed a griffon
  9227 | Lair:3   | Killed a griffon
  9309 | Lair:3   | Reached skill level 11 in Evocations
  9405 | Lair:3   | HP: 23/104 [wolf (6)]
  9424 | Lair:3   | HP: 16/104 [wolf (7)]
  9639 | Lair:3   | Reached ***** piety under Pakellas
  9639 | Lair:3   | Received a gift from Pakellas
  9645 | Lair:3   | Identified a +3 rod of ignition (13/13) {!a} (Pakellas gifted it to you on level 3 of the Lair of Beasts)
  9679 | Lair:3   | HP: 26/104 [water moccasin (2)]
  9686 | Lair:3   | HP: 24/104 [poisoned by a water moccasin]
  9692 | Lair:3   | HP: 18/104 [river rat (2)]
  9839 | Lair:3   | HP: 14/104 [explosive bolt (26)]
  9849 | Lair:3   | Reached XP level 12. HP: 62/112 MP: 19/19
 10084 | Lair:3   | Reached skill level 10 in Armour
 10362 | Lair:3   | Identified the +1 helmet of Lies {rC+ MP+9} (You found it on level 1 of the Lair of Beasts)
 10576 | Lair:4   | Reached skill level 12 in Evocations
 10618 | Lair:4   | Reached skill level 9 in Fighting
 10674 | Lair:4   | HP: 24/114 [blink frog (5)]
 10778 | Lair:4   | HP: 23/114 [spiny frog (6)]
 10983 | Lair:4   | Noticed a four-headed hydra
 11013 | Lair:4   | Killed a four-headed hydra
 11027 | Lair:4   | HP: 26/114 [yak (6)]
 11085 | Lair:4   | HP: 19/114 [crocodile (7)]
 11258 | Lair:4   | HP: 18/114 [crocodile (1)]
 11263 | Lair:4   | HP: 12/114 [crocodile (6)]
 11276 | Lair:4   | Gained mutation: Your magical capacity is low. (-10% MP) [potion of mutation]
 11276 | Lair:4   | Gained mutation: Armour fits poorly on your strangely shaped body. [potion of mutation]
 11276 | Lair:4   | Gained mutation: You are partially covered in slimy green scales. (AC +2) [potion of mutation]
 11461 | Lair:4   | Found a staircase to the Shoals.
 12202 | Lair:5   | Noticed a four-headed hydra
 12210 | Lair:5   | Killed a four-headed hydra
 12236 | Lair:5   | Reached skill level 13 in Evocations
 12457 | Lair:5   | Noticed a six-headed hydra
 12501 | Lair:5   | Killed a six-headed hydra
 12501 | Lair:5   | Reached skill level 11 in Armour
 12529 | Lair:5   | HP: 27/115 [porcupine's spines (2)]
 12842 | Lair:5   | HP: 17/115 [blink frog (12)]
 13023 | Lair:6   | HP: 18/115 [blink frog (12)]
 13045 | Lair:6   | Reached skill level 13 in Maces & Flails
 13164 | Lair:6   | Reached XP level 13. HP: 63/121 MP: 10/19
 13299 | Lair:5   | Gained mutation: Your muscles are strong. (Str +2) [potion of mutation]
 13299 | Lair:5   | Gained mutation: You are frail. (-10% HP) [potion of mutation]
 13300 | Lair:5   | Gained mutation: You are resistant to hostile enchantments. (MR+) [potion of mutation]
 13300 | Lair:5   | Gained mutation: Your system is resistant to poisons. (rPois) [potion of mutation]
 13352 | Lair:6   | Reached ****** piety under Pakellas
 13594 | Lair:6   | HP: 10/107 [komodo dragon (19)]
 13596 | Lair:6   | HP: 2/107 [komodo dragon (8)]
 13949 | Lair:6   | Found a staircase to the Snake Pit.
 14315 | Orc:1    | Entered Level 1 of the Orcish Mines
 14431 | Orc:1    | HP: 26/108 [warg (4)]
 14440 | Orc:1    | HP: 14/108 [warg (2)]
 14572 | Orc:1    | Noticed a stone giant
 14579 | Orc:1    | HP: 16/108 [stone giant/large rock (17)]
 14601 | Orc:1    | Found a flagged portal.
 14605 | Orc:1    | Killed a stone giant
 14611 | Bailey   | Entered a bailey
 14745 | Bailey   | Reached skill level 14 in Evocations
 14788 | Bailey   | HP: 23/108 [orc priest/divine providence[an orc knight] (11)]
 14801 | Bailey   | HP: 25/108 [orc knight/halberd (14)]
 14810 | Bailey   | HP: 22/108 [orc warrior/spear (18)]
 15047 | Orc:1    | HP: 22/109 [orc priest/divine providence (12)]
 15061 | Orc:1    | HP: 21/109 [orc/dagger (1)]
 15152 | Orc:1    | HP: 20/109 [orc warrior/enchanted trident (1)]
 15159 | Orc:1    | HP: 16/109 [orc/mace (4)]
 15244 | Orc:2    | Entered Level 2 of the Orcish Mines
 15258 | Orc:2    | HP: 24/109 [orc warrior/hand axe of draining (9)]
 15259 | Orc:2    | HP: 6/109 [orc warrior/halberd (10)]
 15264 | Orc:2    | HP: 9/109 [orc warrior/halberd (12)]
 15277 | Orc:2    | HP: 26/109 [orc warrior/halberd (4)]
 15290 | Orc:2    | HP: 24/109 [orc (2)]
 15386 | Orc:2    | Found a staircase to the Elven Halls.
 15492 | Orc:2    | Noticed Maud
 15508 | Orc:2    | HP: 21/109 [Maud/broad axe of freezing (9)]
 15510 | Orc:2    | Killed Maud
 15510 | Orc:2    | Reached skill level 12 in Armour
 15520 | Orc:2    | Found a roughly hewn altar of Beogh.
 15674 | Orc:2    | HP: 22/109 [orc warrior/enchanted battleaxe (9)]
 15686 | Orc:2    | HP: 9/109 [explosive bolt (13)]
 15733 | Orc:2    | HP: 22/109 [orc warrior/scimitar (10)]
 15741 | Orc:2    | HP: 11/109 [orc priest/divine providence (11)]
 15742 | Orc:2    | HP: 3/109 [orc priest/divine providence (8)]
 15744 | Orc:2    | Killed from afar by an orc priest

Vault maps used:
D:1:      dpeg_arrival_chase
D:2:      first_bread, uniq_jessica
D:3:      minmay_snake_closets, uniq_grinder
D:4:      kennysheep_kobold_camp, nemelex_diamond_rough_becter, uniq_edmund
D:5:      evilmike_ruin_ashenzari, temple_fountains, uniq_duvessa
D:6:      trog_eyes_of_draining, makhleb_grotto_becter
D:7:      wad_pebble_path
D:8:      tgw_xom, serial_bayou_pond_d, blue_anna_alchemist
D:9:      lemuel_doored_altar, gammafunk_temple_overflow_wave,
          minmay_lair_entry_grove, hiddenorc1_lemuel, basic_altar
Temple:   eino_wide_crystal_templ_15
Lair:1:   beast_lair_carwin_large_2, st_stairs_9, columned_hall_lemuel,
          grunt_megastairs_4, lemuel_fruit_fields
Lair:3:   beast_lair_carwin_large_1
Lair:4:   minmay_shoals_entry_lonely_mermaid
Lair:5:   minmay_stone_trees_small, bh_autumn_forest_stairs
Lair:6:   minmay_snake_entry_guardpost_small, roderic_carrion_pond
Orc:1:    enter_bailey_3
Orc:2:    st_orc_pillars, basic_altar, uniq_josephine, uniq_maud
Bailey:   bailey_polearm_5, bailey

Skill      XL: |  1  2  3  4  5  6  7  8  9 10 11 12 13 |
---------------+----------------------------------------+-----
Maces & Flails | 3 4 5 6 7 9 10 11 12 13 | 13.5
Fighting       | 3 4 5 6 7 8 9 |  9.7
Shields        | 4 5 |  5.3
Evocations     | 4 6 9 11 13 14 | 14.3
Armour         | 5 7 9 11 12 | 12.0

Action                   |  1- 3 |  4- 6 |  7- 9 | 10-12 | 13-15 || total
-------------------------+-------+-------+-------+-------+-------++-------
Melee: Flail             |    74 |   228 |   197 |       |       ||   499
       Mace              |       |       |   229 |       |       ||   229
       Morningstar       |       |       |   218 |  1390 |   379 ||  1987
Invok: Quick Charge      |       |       |     6 |    20 |    14 ||    40
 Abil: Device Recharging |       |       |       |     1 |       ||     1
Evoke: Wand              |     1 |     3 |    28 |    93 |    33 ||   158
       Fan of gales      |       |       |       |     2 |     1 ||     3
       Rod               |       |       |       |     3 |     5 ||     8
       Deck              |       |       |       |     8 |       ||     8
       Box of beasts     |       |       |       |       |    10 ||    10
  Use: Scroll            |     3 |     3 |     6 |    10 |     4 ||    26
       Potion            |       |       |       |     1 |     3 ||     4
 Stab: Distracted        |       |     1 |       |       |       ||     1
       Confused          |       |       |     6 |     1 |       ||     7
       Paralysed         |       |       |       |    33 |       ||    33
  Eat: Bread ration      |       |     1 |       |     1 |       ||     2
       Chunk             |       |     1 |     8 |    18 |     4 ||    31
       Meat ration       |       |       |     1 |       |       ||     1
       Beef jerky        |       |       |       |     2 |       ||     2
       Pizza             |       |       |       |     1 |     2 ||     3
       Royal jelly       |       |       |       |       |     1 ||     1
Armor: Scale mail        |    55 |    13 |       |       |       ||    68
       Chain mail        |       |   128 |   266 |   200 |   323 ||   917
       Plate armour      |       |       |   149 |   899 |       ||  1048
Dodge: Dodged            |    35 |    55 |   132 |   287 |   126 ||   635
Block: Shield            |    52 |    87 |   354 |   897 |   317 ||  1707

Vault maps used:
D:1:      dpeg_arrival_chase
D:2:      first_bread, uniq_jessica
D:3:      minmay_snake_closets, uniq_grinder
D:4:      kennysheep_kobold_camp, nemelex_diamond_rough_becter, uniq_edmund
D:5:      evilmike_ruin_ashenzari, temple_fountains, uniq_duvessa
D:6:      trog_eyes_of_draining, makhleb_grotto_becter
D:7:      wad_pebble_path
D:8:      tgw_xom, serial_bayou_pond_d, blue_anna_alchemist
D:9:      lemuel_doored_altar, gammafunk_temple_overflow_wave,
          minmay_lair_entry_grove, hiddenorc1_lemuel, basic_altar
Temple:   eino_wide_crystal_templ_15
Lair:1:   beast_lair_carwin_large_2, st_stairs_9, columned_hall_lemuel,
          grunt_megastairs_4, lemuel_fruit_fields
Lair:3:   beast_lair_carwin_large_1
Lair:4:   minmay_shoals_entry_lonely_mermaid
Lair:5:   minmay_stone_trees_small, bh_autumn_forest_stairs
Lair:6:   minmay_snake_entry_guardpost_small, roderic_carrion_pond
Orc:1:    enter_bailey_3
Orc:2:    st_orc_pillars, basic_altar, uniq_josephine, uniq_maud
Bailey:   bailey_polearm_5, bailey

Table legend:
 A = Turns spent in this place as a percentage of turns spent in the entire game.
 B = Non-inter-level travel turns spent in this place as a percentage of non-inter-level travel turns spent in the entire game.
 C = Inter-level travel turns spent in this place as a percentage of turns spent in this place.
 D = Turns resting spent in this place as a percentage of non-inter-level travel turns spent in this place.
 E = Turns spent auto-exploring this place as a percentage of non-inter-level travel turns spent in this place.
 F = Non-inter-level travel turns spent in this place divided by the number of levels of this place that you've seen.
                   A       B       C       D       E      F
               +-------+-------+-------+-------+-------+----------------------
         Total | 100.0 | 100.0 |   0.3 |   0.1 |   5.7 | 630.3
       Dungeon |  49.1 |  49.1 |   0.2 |   0.1 |   6.8 | 654.0
        Temple |   0.2 |   0.2 |   9.5 |   0.0 |  73.7 |  19.0
          Lair |  40.6 |  40.6 |   0.3 |   0.0 |   4.4 | 810.7
  Orcish Mines |   7.1 |   7.1 |   0.1 |   0.0 |   3.5 | 423.0
        Bailey |   3.0 |   3.0 |   0.0 |   0.0 |   7.5 | 361.0
               +-------+-------+-------+-------+-------+----------------------

Table legend:
 A = Kills in this place as a percentage of kills in entire the game.
 B = Kills by you in this place as a percentage of kills by you in the entire game.
 C = Kills by friends in this place as a percentage of kills by friends in the entire game.
 D = Other kills in this place as a percentage of other kills in the entire game.
 E = Experience gained in this place as a percentage of experience gained in the entire game.
 F = Experience gained in this place divided by the number of levels of this place that you have seen.
                   A       B       C       D       E      F
               +-------+-------+-------+-------+-------+----------------------
         Total | 100.0 | 100.0 | 100.0 | 100.0 | 100.0 | 2650.9
       Dungeon |  42.8 |  44.4 |   3.8 | 100.0 |  19.7 | 1102.6
          Lair |  37.8 |  39.7 |   0.0 |   0.0 |  64.6 | 5421.8
  Orcish Mines |  12.5 |  12.6 |  11.5 |   0.0 |  11.6 | 2916.0
        Bailey |   6.9 |   3.2 |  84.6 |   0.0 |   4.1 | 2081.0
               +-------+-------+-------+-------+-------+----------------------
